 Dungeon Sprint DCSS version 0.17-a0-1719-g1afd5a1 (webtiles) character file.

565 Kidiri the Protected (level 7, -1/66 HPs)
             Began as a Minotaur Fighter on Aug 28, 2015.
             Was a Believer of Okawaru.
             Slain by a lindwurm (13 damage)
             ... in the Dungeon (Sprint VII: "The Pits").
             The game lasted 00:02:30 (561 turns).

Kidiri the Protected (Minotaur Fighter)              Turns: 561, Time: 00:02:30

Health: -1/66      AC: 16    Str: 22    XL:     7   Next: 10%
Magic:  7/9        EV: 12    Int:  5    God:    Okawaru [**....]
Gold:   0          SH: 12    Dex: 10    Spells: 0 memorised, 6 levels left

rFire  . . .     SeeInvis .     a - +0 war axe
rCold  . . .     Clarity  .     r - +3 chain mail
rNeg   . . .     SustAt   .     c - +0 shield
rPois  .         Gourm    .     (helmet restricted)
rElec  .         Spirit   .     (no cloak)
rCorr  .         Warding  .     (no gloves)
rMut   .         NoTele   +     (no boots)
MR     .....                    (no amulet)
Stlth  ..........               (no ring)
                                (no ring)

@: heroism, very slightly contaminated, not resistant to hostile enchantments,
extremely unstealthy
A: retaliatory headbutt, horns 2
a: Heroism, Renounce Religion


You were in the Dungeon.
You worshipped Okawaru.
Okawaru was pleased with you.
You were not hungry.

You visited 1 branch

Inventory:

Hand weapons
 a - a +0 war axe (weapon)
 s - a +0 dagger
 u - a +1 halberd
 w - a +3 flail
 A - a cursed +1 mace
 B - a +2 quarterstaff of chaos
 C - a +1 short sword of electrocution
Armour
 c - a +0 shield (worn)
 r - a +3 chain mail (worn)
 t - a +0 robe
 v - a +0 robe
 x - a +0 robe
 D - a +0 cloak
 E - a +0 robe
Magical devices
 y - a wand of enslavement (0)
Scrolls
 k - a scroll of blinking
 o - 3 scrolls of remove curse
 p - 5 scrolls of amnesia
 q - a scroll of summoning
Potions
 b - a potion of ambrosia {unknown}
 d - a potion of might
 f - 4 potions of curing
 g - 3 potions of heal wounds
 h - a potion of haste
 i - 4 potions of magic
 j - 3 potions of berserk rage
 n - 2 potions of invisibility
Comestibles
 e - 8 bread rations
 l - 40 fruits
 m - 7 meat rations
 z - 7 chunks of flesh


   Skills:
 + Level 7.1(12.1) Fighting
 * Level 9.1(14.1) Axes
 * Level 9.4(14.4) Armour
 * Level 7.8(12.8) Dodging
 + Level 7.1(12.1) Shields
 + Level 4.6 Invocations


You had 6 spell levels left.
You didn't know any spells.

Dungeon Overview and Level Annotations

Branches:
Dungeon (1/1)

Altars:
Ashenzari
Cheibriados
Dithmenos
Elyvilon
Fedhas
Gozag
Kikubaaqudgha
Makhleb
Nemelex Xobeh
Okawaru
Qazlal
Ru
Sif Muna
Trog
Vehumet
Xom
Yredelemnul
Zin
The Shining One
Beogh
Jiyva
Lugonu


Innate Abilities, Weirdness & Mutations

You reflexively headbutt those who attack you in melee.
You have a pair of horns on your head.


Message History

You gain the combat prowess of a mighty hero.
You feel slightly more hungry. The lindwurm breathes flames at you.
The blast of flame hits you!
You hit the lindwurm but do no damage.
You headbutt the lindwurm, but do no damage.
The lindwurm is moderately wounded.
The lindwurm bites you but does no damage.
You block the lindwurm's attack.
The lindwurm claws you but does no damage.
You hit the lindwurm.
The lindwurm is moderately wounded.
The lindwurm breathes flames at you. The blast of flame hits you!
* * * LOW HITPOINT WARNING * * *
Your shield and chain mail prevent you from hitting the lindwurm.
You headbutt the lindwurm, but do no damage.
The lindwurm is moderately wounded.
The lindwurm bites you!
You die...

#.#........##.......#
#'###########.......#
#.......# #########
#..#.#..# #.##.##.#
#.......#+#
#.##.##.#.+
#..#.#..#k#
#.......รท@#
###########


You could see a lindwurm.

Vanquished Creatures
  Duvessa (D)
  A necrophage (D)
  An ice beast (D)
  Dowan (D)
  A hound (D)
  3 wights (D)
  Crazy Yiuf (D)
  An iguana (D)
  2 river rats (D)
  3 giant eyeballs (D)
  An adder skeleton (D)
  A bat (D)
  A kobold (D)
  A rat (D)
19 creatures vanquished.

Notes
Turn   | Place    | Note
--------------------------------------------------------------
     0 | D        | Kidiri the Minotaur Fighter began the quest for the Orb.
     0 | D        | Reached XP level 1. HP: 19/19 MP: 0/0
    18 | D        | Reached skill level 4 in Fighting
    18 | D        | Reached skill level 1 in Dodging
    18 | D        | Reached XP level 2. HP: 6/27 MP: 1/1
    48 | D        | Found a sacrificial altar of Ru.
    48 | D        | Found a basalt altar of Yredelemnul.
    48 | D        | Found a shadowy altar of Dithmenos.
    48 | D        | Found a deep blue altar of Sif Muna.
    48 | D        | Found a burning altar of Makhleb.
    48 | D        | Found a shimmering altar of Xom.
    48 | D        | Found an ancient bone altar of Kikubaaqudgha.
    48 | D        | Found a sparkling altar of Nemelex Xobeh.
    49 | D        | Found a glowing golden altar of the Shining One.
    49 | D        | Found a bloodstained altar of Trog.
    49 | D        | Found a shattered altar of Ashenzari.
    49 | D        | Found a white marble altar of Elyvilon.
    49 | D        | Found a snail-covered altar of Cheibriados.
    49 | D        | Found a blossoming altar of Fedhas.
    49 | D        | Found a radiant altar of Vehumet.
    49 | D        | Found a glowing silver altar of Zin.
    49 | D        | Found a corrupted altar of Lugonu.
    49 | D        | Found a viscous altar of Jiyva.
    49 | D        | Found a roughly hewn altar of Beogh.
    49 | D        | Found an iron altar of Okawaru.
    55 | D        | Found a stormy altar of Qazlal.
    56 | D        | Found an opulent altar of Gozag.
    58 | D        | Became a worshipper of Warmaster Okawaru
   304 | D        | Paralysed by a giant eyeball for 3 turns
   307 | D        | Reached skill level 1 in Invocations
   310 | D        | Reached skill level 5 in Armour
   313 | D        | Paralysed by a giant eyeball for 2 turns
   316 | D        | Reached XP level 3. HP: 33/33 MP: 2/2
   319 | D        | Paralysed by a giant eyeball for 3 turns
   427 | D        | Noticed a wight
   427 | D        | Noticed a wight
   428 | D        | Noticed Duvessa
   428 | D        | Noticed a necrophage
   428 | D        | Noticed a hound
   429 | D        | Noticed Crazy Yiuf
   430 | D        | Noticed a wight
   436 | D        | Killed a wight
   436 | D        | Reached skill level 5 in Axes
   436 | D        | Reached XP level 4. HP: 37/41 MP: 2/4
   447 | D        | Killed a wight
   447 | D        | Reached skill level 5 in Fighting
   447 | D        | Reached skill level 6 in Armour
   447 | D        | Reached skill level 5 in Shields
   459 | D        | Noticed an ice beast
   462 | D        | Killed Crazy Yiuf
   462 | D        | Reached skill level 5 in Dodging
   462 | D        | Reached XP level 5. HP: 42/48 MP: 5/5
   468 | D        | Noticed Dowan
   469 | D        | Killed a hound
   469 | D        | Acquired Okawaru's first power
   469 | D        | Reached skill level 7 in Armour
   474 | D        | Killed Duvessa
   474 | D        | Reached skill level 8 in Armour
   474 | D        | Reached XP level 6. HP: 55/57 MP: 3/7
   475 | D        | Killed a wight
   481 | D        | Killed a necrophage
   486 | D        | Killed an ice beast
   486 | D        | Reached skill level 9 in Armour
   495 | D        | Killed Dowan
   495 | D        | Reached XP level 7. HP: 62/66 MP: 4/9
   538 | D        | Noticed an iguana
   545 | D        | Killed an iguana
   552 | D        | Noticed a lindwurm
   561 | D        | Slain by a lindwurm

Vault maps used:
D:        pitsprint

Action                   |  1- 3 |  4- 6 |  7- 9 || total
-------------------------+-------+-------+-------++-------
Melee: War axe           |    32 |    43 |    14 ||    89
Invok: Heroism           |       |     1 |     1 ||     2
  Use: Potion            |     1 |     3 |     1 ||     5
